 Dungeon Crawl Stone Soup version 0.31-a0-358-gac0dbeb3ab (webtiles) character file.

Game seed: 17857824448479153131

305 hashsling the Slasher (level 6, -4/48 HPs)
             Began as a Human Gladiator on July 25, 2023.
             Slain by a gnoll
             ... wielding a +0 halberd
              (14 damage)
             ... on level 4 of the Dungeon.
             The game lasted 00:08:02 (3710 turns).

hashsling the Slasher (Human Gladiator)             Turns: 3710, Time: 00:08:03

Health: -4/48      AC:  6    Str: 14    XL:     6   Next: 66%
Magic:  15/15      EV: 12    Int:  8    God:
Gold:   201        SH:  0    Dex: 17    Spells: 5/5 levels left

rFire   . . .        a - +0 long sword
rCold   . . .        (no shield)
rNeg    . . .        i - +0 ring mail
rPois   .            c - +0 helmet
rElec   .            (no cloak)
rCorr   .            (no gloves)
SInv    .            (no boots)
Will    +....        (no amulet)
Stlth   +            n - ring of willpower
HPRegen 0.28/turn    r - ring of magical power
MPRegen 0.14/turn

%: no passive effects
@: no status effects
A: no striking features
a: no special abilities


You were on level 4 of the Dungeon.
You visited 1 branch of the dungeon, and saw 4 of its levels.
You also visited: Sewer.

You collected 201 gold pieces.

Inventory:

Hand Weapons
 a - a +0 long sword (weapon)
Missiles
 f - 4 poisoned darts
 o - 6 boomerangs
 v - a javelin
Armour
 b - a +0 leather armour
 c - a +0 helmet (worn)
 i - a +0 ring mail (worn)
Jewellery
 e - a ring of resist corrosion
 n - a ring of willpower (left hand)
 r - a ring of magical power (right hand)
 u - a +6 ring of intelligence
Scrolls
 j - 2 scrolls of fear {unknown}
 m - 3 scrolls of identify {unknown}
 t - a scroll of fog {unknown}
 w - a scroll of amnesia {unknown}
 x - 5 scrolls of teleportation
 y - a scroll of immolation {unknown}
 A - a scroll of silence {unknown}
Potions
 g - a potion of curing
 h - 2 potions of ambrosia {unknown}
 k - a potion of brilliance {unknown}
 l - a potion of cancellation {unknown}
 p - 6 potions of enlightenment
 q - a potion of haste {unknown}
 s - 3 potions of heal wounds {unknown}
 z - a potion of might {unknown}


   Skills:
 * Level 4.1 Fighting
 * Level 5.5 Long Blades
 - Level 2.0 Throwing
 - Level 1.0 Armour
 + Level 3.3 Dodging


You had 5 spell levels left.
You didn't know any spells.
Your spell library was empty.

Dungeon Overview and Level Annotations

Branches:
Dungeon (4/15)              Sewer (visited)
 Temple: D:4-7

Altars:
Uskayaw


Message History

You closely miss the gnoll. The gnoll closely misses you. The gnoll misses you.
You barely miss the gnoll.
A goblin comes into view. It is wielding a +0 dagger.
The gnoll hits you with a +0 halberd.
* * * LOW HITPOINT WARNING * * *
The gnoll closely misses you.
The goblin shouts!
You hit the gnoll but do no damage. The gnoll barely misses you.
The gnoll hits you with a +0 war axe!
* * * LOW HITPOINT WARNING * * *
Throw: throwing net
Press: ? - help, Q - select action, (/) - cycle Shift-Dir - straight line, f/p - gnoll
Aim: a gnoll, wielding a +0 halberd, wearing a +0 ring mail and quivering stones (68% to hit)
You throw a throwing net. The throwing net hits the gnoll.
The gnoll is caught in the net!
The gnoll struggles against the net.
The gnoll hits you but does no damage.
You catch the helpless gnoll completely off-guard!
You hit the gnoll but do no damage.
The gnoll struggles against the net.
The gnoll hits you with a +0 war axe.
* * * LOW HITPOINT WARNING * * *
It was a potion of curing.
You feel better.
The gnoll struggles against the net.
The gnoll barely misses you.
You hit the gnoll.
The gnoll is lightly wounded.
The gnoll struggles against the net.
The gnoll barely misses you.
You hit the gnoll.
The gnoll is heavily wounded.
The gnoll hits you with a +0 war axe.
* * * LOW HITPOINT WARNING * * *
The gnoll struggles against the net.
The net rips apart, and the gnoll comes free!
You closely miss the gnoll.
The gnoll is heavily wounded.
The gnoll hits you with a +0 war axe.
* * * LOW HITPOINT WARNING * * *
The gnoll completely misses you.
You feel better. The gnoll barely misses you. The gnoll closely misses you.
The gnoll attacks as you move away! The gnoll barely misses you.
The gnoll hits you from afar with a +0 halberd!
You die...

.......#.#.#
.......#...# #.#.###.
########.#.######
#.#?......#
#...#....###.#.......?
#.####..<.............
#......#.###...# .....
########.# #...#......
#.###.#'#!.....
#.@ggg........~
####(.......~⌠~
#.........~~
#.).........
#.....###... #.....#
.. #.....# . #.....#
#.....#


You could see 2 gnolls and a goblin.

Vanquished Creatures
  An orc priest (D:3)
  A jelly (D:4)
  A gnoll (D:4)
  3 river rats (Sewer)
  9 adders
  6 worms
  A dart slug (D:1)
  10 orcs
  5 ball pythons (Sewer)
  11 endoplasms
  6 giant cockroaches
  8 goblins
  2 hobgoblins
  3 jackals (Sewer)
  5 kobolds
  6 quokkas
  9 bats
  7 frilled lizards
  6 rats
100 creatures vanquished.

Notes
Turn   | Place    | Note
-------+----------+-------------------------------------------
     0 | D:1      | hashsling the Human Gladiator began the quest for the Orb.
     0 | D:1      | Reached XP level 1. HP: 16/16 MP: 1/1
   100 | D:1      | Reached XP level 2. HP: 22/22 MP: 2/2
   528 | D:1      | Reached XP level 3. HP: 28/28 MP: 3/3
   916 | D:2      | Reached skill level 4 in Long Blades
   949 | D:2      | Reached XP level 4. HP: 27/34 MP: 4/4
  1957 | D:3      | Found a hide-covered altar of Uskayaw.
  2045 | D:3      | Reached XP level 5. HP: 41/41 MP: 5/5
  2104 | D:3      | Reached skill level 1 in Armour
  2494 | D:4      | Reached skill level 5 in Long Blades
  2545 | D:4      | Found a glowing drain.
  2562 | Sewer    | Entered a sewer
  2894 | Sewer    | Reached XP level 6. HP: 41/47 MP: 6/6
  3710 | D:4      | Slain by a gnoll

Illustrated notes

Levels and vault maps discovered:
D:1:      lightli_arrival_quake, layout_basic
D:2:      layout_rooms, amethyst_killhole
D:3:      layout_loops_cross, nicolae_uskayaw_suspiria, minivault_26
D:4:      layout_basic, portal_sewer_entry_d, corexii_leaking_fountain,
          minmay_curled_crystal, hangedman_minor_gate_pass

Skill      XL: |  1  2  3  4  5  6 |
---------------+-------------------+-----
Long Blades    | 4 5 |  5.5
Fighting       | 3 4 |  4.1
Armour         | 1 |  1.0
Throwing       | |  2.0
Dodging        | |  3.3

Action                     |  1- 3 |  4- 6 || total
---------------------------+-------+-------++-------
  Melee: Long sword        |   101 |   291 ||   392
         Punch             |     1 |     1 ||     2
  Throw: Throwing net      |       |     4 ||     4
         Javelin           |       |     1 ||     1
    Use: Potion            |       |     2 ||     2
         Scroll            |       |     1 ||     1
   Stab: Sleeping          |     1 |       ||     1
         Held in net/web   |       |     3 ||     3
 Armour: Leather armour    |     5 |       ||     5
         Ring mail         |    49 |    95 ||   144
  Dodge: Dodged            |    70 |   189 ||   259

Table legend: (Time is in decaauts)
 A = Elapsed time spent in this place.
 B = Non-inter-level travel time spent in this place.
 C = Inter-level travel time spent in this place.
 D = Time resting spent in this place.
 E = Time spent auto-exploring this place.
 F = Levels seen in this place.
 G = Mean time per level.
                   A        B        C        D        E       F      G
               +--------+--------+--------+--------+--------+-----+--------+
         Total |   3932 |   3895 |     37 |      0 |   3093 |   5 |  786.4 |
       Dungeon |   2808 |   2771 |     37 |      0 |   2189 |   4 |  702.0 |
         Sewer |   1124 |   1124 |      0 |      0 |    904 |   1 | 1124.0 |
               +--------+--------+--------+--------+--------+-----+--------+

Top non-repeatable levels by time:
   Sewer: 1124 daAuts
     D:1: 886 daAuts
     D:3: 805 daAuts
     D:2: 714 daAuts
     D:4: 401 daAuts
